Map: Iron Fortress LE (Void)

Players

Pseudorandom - Winner!

Bnetplayer

  • Race: Terran Terran

VOD

http://www.twitch.tv/pseudorandom63/b/646849655

Description

Time

  • Played on: April 6, 2015, 11:27 p.m.
  • Length: 22:58
Show
View Real Time Build Order
Export as new Build Order

Pseudorandom Zerg - Winner!

Build Orders: Hatch First, Lurkers 

Get SALT Encoding   

  12  0:00  Drone  
  13  0:13  Drone  
  14  0:21  Drone, Extractor  
  13  0:26  Overlord  
  15  0:48  Hatchery  
  14  0:50  Drone  
  14  0:53  Drone  
  16  1:03  Drone x2  
  18  1:17  Spawning Pool  
  17  1:18  Drone  
  17  1:24  Drone  
  19  1:34  Drone  
  20  1:44  Overlord  
  20  1:55  Drone  
  21  2:02  Drone  
  21  2:03  Queen x2  
  21  2:07  Zergling x2  
  27  2:12  Drone  
  27  2:14  Extractor  
  27  2:16  Extractor  
  27  2:18  Extractor  
  27  2:19  Drone  
  27  2:30  Drone x2  
  27  2:35  Drone  
  30  2:40  Overlord  
  30  2:43  Drone  
  31  2:47  Hatchery  
  31  2:51  Overlord  
  30  2:59  Drone  
  30  3:00  Drone  
  31  3:09  Lair  
  31  3:10  Drone  
  32  3:16  Drone  
  32  3:17  Drone x2  
  32  3:19  Spine Crawler  
  34  3:25  Zergling x2  
  34  3:26  Spine Crawler  
  34  3:29  Metabolic Boost  
  34  3:35  Overlord  
  34  3:37  Drone  
  35  3:44  Drone x3  
  37  3:57  Zergling x10  
  37  3:58  Zergling x4  
  37  4:01  Zergling x2  
  45  4:10  Spire  
  45  4:12  Drone  
  45  4:13  Extractor x2  
  45  4:15  Drone  
  44  4:21  Drone x3  
  47  4:27  Drone x3  
  47  4:29  Drone  
  51  4:36  Overlord  
  51  4:40  Queen  
  52  4:53  Drone x3, Overlord  
  53  5:03  Drone x4  
  53  5:05  Drone x3  
  57  5:14  Drone x3  
  60  5:23  Mutalisk x4  
  68  5:29  Evolution Chamber  
  68  5:30  Evolution Chamber, Mutalisk  
  68  5:37  Spore Crawler  
  68  5:40  Spore Crawler x2  
  65  5:45  Mutalisk x3  
  65  5:48  Overlord  
  71  5:51  Drone  
  71  5:53  Drone  
  73  6:01  Zerg Ground Armor Level 1  
  73  6:02  Zerg Melee Weapons Level 1  
  73  6:08  Hydralisk Den  
  68  6:19  Drone x2  
  68  6:20  Drone  
  68  6:24  Lurker Den  
  71  6:27  Overlord  
  71  6:28  Drone  
  71  6:29  Drone x5  
  71  6:30  Drone x4  
  81  6:35  Overlord  
  81  6:36  Pneumatized Carapace  
  81  6:41  Extractor  
  81  6:42  Extractor  
  80  6:54  Drone x5  
  84  7:01  Hatchery  
  83  7:11  Spine Crawler  
  83  7:14  Hydralisk  
  83  7:15  Hydralisk x5  
  90  7:16  Infestation Pit  
  93  7:29  Overlord x3  
  92  7:38  Zergling x10  
  92  7:40  Overlord x2  
  97  7:47  Corruptor  
  99  7:52  Lurker x3  
  99  7:53  Lurker x2  
  99  7:54  Lurker, Zergling x2  
  99  7:55  Zergling x8  
  110  8:12  Zerg Ground Armor Level 2  
  106  8:15  Zergling x10  
  111  8:20  Zerg Melee Weapons Level 2  
  111  8:30  Hive  
  111  8:34  Overlord  
  110  8:35  Zergling x16  
  118  8:41  Spine Crawler  
  118  8:42  Spine Crawler  
  109  8:55  Zergling x4  
  109  8:56  Zergling x2  
  111  9:04  Zergling x18  
  111  9:05  Zergling x14  
  108  9:28  Drone x2  
  108  9:29  Drone x2  
  106  9:38  Hydralisk x6  
  104  9:47  Hydralisk x2  
  104  9:49  Zergling x2  
  104  9:50  Zergling x6  
  104  9:52  Adrenal Glands  
  110  9:56  Drone x2  
  110  9:59  Seismic Spines  
  109  10:04  Lurker x2  
  109  10:05  Lurker x4  
  115  10:09  Zergling x6  
  118  10:26  Lurker x2  
  120  10:33  Overlord, Zergling x2  
  120  10:34  Zergling x32  
  128  10:49  Hatchery  
  127  10:52  Extractor x2  
  105  11:15  Zergling x32  
  119  11:38  Ultralisk Cavern  
  119  11:39  Zerg Melee Weapons Level 3  
  118  11:40  Zerg Ground Armor Level 3  
  118  11:58  Hydralisk x5  
  118  11:59  Hydralisk  
  122  12:08  Drone x2  
  122  12:09  Drone x7  
  128  12:23  Drone x3  
  128  12:27  Chitinous Plating  
  128  12:29  Ultralisk x4  
  155  12:32  Lurker x2  
  157  12:42  Hatchery  
  156  13:05  Ultralisk  
  155  13:07  Overlord x2  
  148  13:16  Ultralisk  
  137  13:20  Lurker  
  137  13:25  Lurker x3  
  141  13:31  Drone  
  141  13:32  Drone x2  
  141  13:33  Spore Crawler  
  143  13:38  Ultralisk  
  143  13:39  Zergling x12  
  143  13:40  Zergling x4  
  154  13:52  Ultralisk  
  154  13:54  Zergling x16  
  144  14:28  Muscular Augments  
  144  14:29  Zerg Missile Weapons Level 1  
  143  14:39  Zergling x2  
  143  14:40  Zergling x30  
  143  14:41  Zergling x12  
  151  15:02  Ultralisk  
  151  15:03  Ultralisk x3  
  165  15:15  Spine Crawler  
  165  15:17  Spine Crawler  
  165  15:19  Spine Crawler x2  
  137  15:46  Mutalisk x4  
  145  15:58  Hatchery  
  144  16:05  Mutalisk  
  144  16:06  Mutalisk x2  
  147  16:12  Zergling x4  
  147  16:13  Zergling x10  
  146  16:52  Hatchery  
  142  16:56  Zergling x2  
  142  16:57  Zergling x22  
  146  17:08  Mutalisk  
  146  17:09  Mutalisk x2  
  152  17:35  Mutalisk x4  
  151  17:37  Zergling x16  
  151  17:43  Drone x3  
  162  17:54  Queen x2  
  162  17:58  Hydralisk x3  
  172  18:12  Hatchery  
  165  18:20  Drone x3  
  165  18:22  Zergling x8  
  165  18:23  Lurker, Zergling x2  
  165  18:24  Lurker  
  175  18:28  Extractor, Zergling x2  
  175  18:29  Extractor, Zergling x12  
  180  18:51  Zergling x2  
  180  18:52  Overlord x2  
  180  18:53  Overlord  
  180  19:24  Hatchery  
  180  19:29  Zergling x22  
  180  19:30  Zergling x8  
  194  19:49  Lurker  
  195  19:53  Drone x2, Spine Crawler  
  195  19:54  Spine Crawler  
  195  19:55  Spine Crawler  
  184  20:17  Hydralisk x7  
  184  20:18  Hydralisk  
  184  20:19  Zerg Missile Weapons Level 2  
  187  20:31  Hatchery  
  186  20:39  Mutalisk  
  186  20:40  Mutalisk x2  
  192  20:49  Hatchery  
  184  21:13  Hatchery  
  183  21:19  Drone x4  
  183  21:20  Drone x8  
  161  21:52  Hydralisk  
  161  21:53  Hydralisk x7  
  154  22:17  Ultralisk  
  160  22:33  Hatchery  
  143  22:56  Extractor  
Show
View Real Time Build Order
Export as new Build Order

Bnetplayer Terran 

Build Orders: Cyclone Opening, MMM Bio 

Get SALT Encoding   

  12  0:01  SCV  
  13  0:13  SCV  
  14  0:25  Supply Depot  
  14  0:27  SCV  
  15  0:46  SCV  
  15  0:49  Barracks  
  16  0:52  Refinery  
  16  0:58  SCV  
  17  1:10  SCV  
  18  1:23  SCV  
  19  1:35  SCV, Supply Depot  
  19  1:39  Marine  
  21  1:47  Orbital Command  
  21  1:53  Factory  
  21  1:57  Marine  
  22  2:14  SCV  
  23  2:15  Marine  
  23  2:20  Command Center  
  24  2:26  SCV  
  25  2:38  Factory Tech Lab, Marine, SCV  
  25  2:43  Supply Depot  
  27  2:50  SCV  
  28  2:57  Cyclone  
  31  3:05  SCV  
  32  3:17  SCV  
  33  3:22  Barracks Reactor  
  33  3:23  Missile Turret  
  33  3:25  Bunker  
  33  3:26  Refinery  
  32  3:29  Command Center, SCV  
  33  3:39  Orbital Command  
  33  3:41  SCV  
  34  3:53  SCV  
  35  4:05  SCV  
  35  4:09  SCV  
  37  4:11  Marine  
  37  4:12  Hellion x2  
  42  4:17  SCV  
  42  4:20  Engineering Bay  
  42  4:21  SCV, Engineering Bay  
  41  4:25  Stimpack  
  41  4:30  SCV  
  42  4:33  SCV  
  42  4:37  Supply Depot  
  43  4:38  Widow Mine x2  
  43  4:39  Marine  
  43  4:42  SCV  
  49  4:46  SCV, Orbital Command  
  46  4:56  Missile Turret  
  46  5:02  Supply Depot  
  46  5:03  Marine  
  46  5:04  Terran Infantry Weapons Level 1  
  46  5:05  Terran Infantry Armor Level 1  
  46  5:06  Missile Turret  
  47  5:07  SCV  
  47  5:23  Barracks  
  47  5:25  Barracks  
  47  5:26  SCV x2  
  47  5:27  Marine  
  50  5:28  Missile Turret  
  50  5:29  Factory Reactor  
  50  5:30  SCV  
  51  5:36  Supply Depot  
  51  5:38  SCV  
  51  5:39  SCV  
  53  5:43  Refinery  
  53  5:44  SCV  
  53  5:49  Barracks  
  54  5:50  SCV, Barracks  
  54  5:52  Marine  
  54  5:55  SCV  
  57  5:58  SCV  
  57  6:01  Supply Depot  
  58  6:04  Armory  
  58  6:07  Starport  
  58  6:11  Refinery  
  58  6:13  Marine x2  
  58  6:14  SCV x2, Missile Turret  
  58  6:15  Factory Reactor  
  61  6:19  Marine x3  
  61  6:24  Refinery  
  64  6:26  SCV  
  64  6:30  Supply Depot  
  64  6:31  Marine  
  66  6:34  Supply Depot  
  66  6:37  Marine x2  
  66  6:38  Supply Depot, Barracks Reactor x2  
  68  6:40  Combat Shields, Orbital Command  
  68  6:46  Supply Depot  
  68  6:49  Marine x2  
  68  6:50  Marine  
  71  6:54  SCV  
  71  6:56  Medivac x2  
  71  6:58  Marine x2  
  78  7:06  Factory Reactor  
  78  7:07  SCV x2, Marine x3  
  83  7:10  Supply Depot, Terran Infantry Weapons Level 2  
  83  7:12  Orbital Command  
  83  7:15  Marine  
  83  7:19  Marine  
  83  7:20  Marine x2  
  87  7:27  Medivac x2  
  91  7:31  SCV x2  
  93  7:39  SCV  
  94  7:45  Marine  
  94  7:46  Supply Depot x2, Marine  
  94  7:47  Supply Depot, Missile Turret  
  94  7:50  Supply Depot  
  94  7:51  Terran Infantry Armor Level 2  
  96  7:53  SCV  
  96  7:55  SCV x2, Factory Tech Lab  
  99  8:02  Factory  
  99  8:04  Refinery  
  99  8:05  SCV  
  100  8:06  Refinery  
  100  8:08  Missile Turret  
  100  8:15  Marine  
  100  8:16  Marauder, Marine x2  
  100  8:17  Siege Tank  
  100  8:18  Terran Vehicle and Ship Weapons Level 1  
  108  8:21  SCV x2  
  108  8:25  SCV  
  111  8:28  Marine x2  
  111  8:29  Marine  
  111  8:33  Supply Depot, Marine  
  111  8:34  Marine x2  
  117  8:35  Supply Depot  
  117  8:36  Supply Depot  
  117  8:38  Marine x3  
  120  8:43  Medivac x2  
  120  8:46  Marine  
  125  8:54  Marine  
  125  8:55  SCV x2  
  114  8:56  Marine  
  114  8:57  Marauder  
  114  8:59  Siege Tank  
  120  9:09  Marine  
  109  9:12  Marine x6  
  109  9:14  Marine  
  108  9:18  Marauder  
  108  9:21  Factory Tech Lab  
  104  9:24  Missile Turret  
  104  9:27  Marine  
  104  9:30  Marine x6  
  100  9:31  Siege Tank  
  100  9:34  Marine  
  88  9:39  SCV  
  88  9:40  SCV x2, Marauder  
  88  9:44  Marine  
  87  9:48  Marine x6  
  87  9:52  SCV x2  
  95  9:56  SCV  
  95  10:01  Marauder  
  95  10:03  Siege Tank  
  95  10:04  SCV  
  101  10:07  Marine x2  
  101  10:08  Marine x4  
  101  10:11  SCV x2  
  109  10:16  SCV  
  109  10:21  Marine x2  
  110  10:22  Marine  
  110  10:25  Marine x2  
  115  10:30  Terran Infantry Weapons Level 3  
  115  10:32  SCV  
  115  10:33  Marine  
  108  10:48  Marauder, Marine  
  107  10:58  Marine x2  
  101  11:04  Marine  
  101  11:05  Marine x5  
  101  11:06  Medivac  
  101  11:09  Marauder  
  110  11:12  Medivac  
  110  11:15  Marine  
  110  11:16  Marine  
  114  11:19  Terran Infantry Armor Level 3  
  114  11:22  Marine  
  114  11:23  Marine x2  
  115  11:33  Marauder, Marine  
  115  11:36  Medivac  
  115  11:38  Marine  
  121  11:40  Missile Turret  
  121  11:42  Medivac  
  122  11:52  SCV x2  
  124  11:55  Marine, Marauder  
  124  11:58  Siege Tank  
  124  11:59  Marine x3  
  133  12:11  Terran Vehicle and Ship Weapons Level 2  
  133  12:16  Marauder  
  130  12:24  Command Center  
  130  12:27  Siege Tank  
  130  12:28  Marine  
  134  12:43  Marine  
  136  12:44  Marauder  
  121  13:17  Marine x9  
  121  13:18  Siege Tank x2, Medivac x2  
  133  13:34  Marine  
  133  13:35  Marauder, Marine x7  
  143  13:48  Medivac x2  
  145  13:52  Marine x6  
  145  13:53  Marine x2  
  155  13:57  Marauder  
  147  14:10  Marine x8  
  131  14:19  Siege Tank x2, Marauder  
  138  14:28  Marine x2  
  123  14:39  Marine  
  123  14:40  Marauder  
  123  14:42  Marine x5  
  129  14:46  Marine x2  
  130  14:57  Marine  
  126  15:02  Marauder  
  126  15:04  Marine  
  126  15:06  Marine x3  
  132  15:23  Marauder  
  119  15:32  Marine  
  119  15:33  Siege Tank  
  119  15:35  Siege Tank  
  121  16:00  Marine x2  
  95  16:12  Marine  
  82  17:13  Orbital Command  
  82  17:23  Orbital Command  
  82  17:28  Marine  
  82  17:29  Marauder, Marine x2  
  87  17:47  Marine  
  87  17:50  Marauder  
  90  17:52  Marine  
  91  18:08  Marine  
  91  18:09  Siege Tank  
  91  18:10  Siege Tank  
  91  18:12  Marauder  
  99  18:16  Marine  
  97  18:28  Medivac x2  
  97  18:29  Marine x3  
  97  18:30  Marine x4  
  97  18:33  Marauder  
  97  18:34  Marine  
  106  18:36  SCV x3  
  106  18:38  SCV  
  111  18:47  Marine x2  
  113  18:54  Marauder  
  115  18:56  SCV x3  
  115  18:57  Marine x2  
  115  19:01  Terran Vehicle and Ship Weapons Level 3  
  120  19:03  Marine  
  120  19:04  Marine x3  
  120  19:05  Siege Tank, Marine  
  128  19:16  Marauder  
  130  19:17  Marine x2  
  130  19:21  SCV x3  
  134  19:26  Refinery  
  132  19:37  Marauder  
  123  19:42  Marine x3  
  123  19:43  Marine x5  
  130  19:59  Marauder  
  132  20:00  Marine  
  133  20:12  Concussive Shells  
  131  20:56  Marine  
  131  20:57  Marine x4  
  91  21:50  Marauder  
  77  22:31  Marine  
Tags
 
Add a new tag
Caveats
  • Supply blocks, unpowered buildings, or Contaminate may cause inaccurate times.
  • Supply counts are checked every 10 seconds.